 Dungeon Crawl Stone Soup version 0.26-a0-652-gafc20e3620 (webtiles) character file.

Game seed: 9093477855048005946

17511 DogServant the Quickloader (level 12, -5/94 HPs)
             Began as a Gnoll Hunter on Oct 3, 2020.
             Was an Elder of Fedhas.
             Killed from afar by Fannar (43 damage)
             ... with a bolt of cold
             ... on level 10 of the Dungeon.
             The game lasted 00:31:22 (12241 turns).

DogServant the Quickloader (Gnoll Hunter)          Turns: 12241, Time: 00:31:23

Health: -5/94      AC:  9    Str: 16    XL:     12   Next: 48%
Magic:  23/23      EV: 19    Int: 25    God:    Fedhas [****..]
Gold:   751        SH:  0    Dex: 19    Spells: 6/25 levels left

rFire    . . .     SeeInvis .   a - +2 hand crossbow (vorpal)
rCold    x . .     Faith    .   (no shield)
rNeg     . . .     Spirit   .   l - +3 leather armour of the Griffon {rC- Regen+ Int+8 Slay+4}
rPois    .         Reflect  .   b - +2 hat {Int+3}
rElec    .         Harm     .   (no cloak)
rCorr    .         Rampage  .   (no gloves)
MR       ++...                  (no boots)
Stlth    ++++......             (no amulet)
HPRegen  0.65/turn              D - ring of protection from magic
MPRegen  0.18/turn              A - ring of protection from magic

@: no status effects
A: distributed training, fangs 1, strong nose
a: Wall of Briars, Grow Ballistomycete, Overgrow, Renounce Religion


You were on level 10 of the Dungeon.
You worshipped Fedhas.
Fedhas was greatly pleased with you.
You visited 2 branches of the dungeon, and saw 14 of its levels.
You also visited: Ossuary.

You collected 1101 gold pieces.
You spent 350 gold pieces at shops.

Inventory:

Hand Weapons
 a - a +2 vorpal hand crossbow (weapon)
 p - a +2 whip of electrocution
 Q - a +0 longbow
Missiles
 d - 58 bolts (quivered)
 k - 240 arrows
Armour
 b - a +2 hat of intelligence (worn)
 c - a +0 leather armour
 j - a +1 ring mail
 l - the +3 leather armour of the Griffon (worn) {rC- Regen+ Int+8 Slay+4}
   (You found it on level 7 of the Dungeon)

   It affects your intelligence (+8).
   It affects your accuracy and damage with ranged weapons and melee attacks
   (+4).
   It makes you vulnerable to cold.
   It increases your rate of regeneration.
 P - +2 swamp dragon scales
Jewellery
 e - an uncursed ring of protection from fire
 q - an uncursed ring of protection from cold
 s - an uncursed ring of see invisible
 v - an uncursed ring of fire
 z - an uncursed ring of wizardry
 A - a ring of protection from magic (right hand)
 D - a ring of protection from magic (left hand)
 M - a +4 ring of protection
 S - an uncursed ring of stealth
 U - a cursed -4 ring of dexterity {unknown}
 Y - a cursed ring of teleportation {unknown}
Wands
 C - a wand of acid (8)
 E - a wand of polymorph (12)
 G - a wand of flame (38)
 H - a wand of disintegration (11)
 I - a wand of paralysis (6)
 J - a wand of iceblast (14)
 K - a wand of random effects (22)
 X - a wand of enslavement (5)
 Z - a wand of digging (3)
Scrolls
 g - 3 scrolls of amnesia
 h - 5 scrolls of remove curse
 i - a scroll of blinking
 m - 7 scrolls of fear
 r - 6 scrolls of teleportation
 y - 2 scrolls of enchant armour
 B - 3 scrolls of magic mapping
 R - 4 scrolls of identify
 W - a scroll of silence {unknown}
Potions
 f - 4 potions of haste
 n - 6 potions of magic
 o - 3 potions of flight
 t - 5 potions of curing
 u - 3 potions of invisibility
 w - 7 potions of might
 x - 7 potions of brilliance
 F - 2 potions of lignification
 L - 3 potions of mutation {unknown}
 N - 2 potions of berserk rage {unknown}
 O - a potion of stabbing {unknown}
 T - a potion of heal wounds {unknown}


   Skills:
 + Level 8.7 Fighting
 + Level 7.3 Short Blades
 + Level 7.3 Long Blades
 + Level 7.3 Axes
 + Level 7.3 Maces & Flails
 + Level 7.3 Polearms
 + Level 7.3 Staves
 + Level 7.3 Slings
 + Level 7.3 Bows
 + Level 11.1 Crossbows
 + Level 7.3 Throwing
 + Level 7.3 Armour
 + Level 8.7 Dodging
 + Level 7.7 Stealth
 + Level 7.3 Shields
 + Level 7.3 Unarmed Combat
 + Level 7.3 Spellcasting
 + Level 6.1 Conjurations
 + Level 6.1 Hexes
 + Level 6.1 Summonings
 + Level 6.1 Necromancy
 + Level 6.1 Translocations
 + Level 6.1 Transmutations
 + Level 6.1 Fire Magic
 + Level 6.1 Ice Magic
 + Level 6.1 Air Magic
 + Level 6.1 Earth Magic
 + Level 6.1 Poison Magic
 + Level 8.0 Invocations
 + Level 7.3 Evocations


You had 6 spell levels left.
You knew the following spells:

 Your Spells              Type           Power        Failure   Level
a - Sting                 Tmut/Pois      ####         1%          1
b - Swiftness             Air            #####...     1%          2
c - Airstrike             Air            #####.....   6%          4
d - Slow                  Hex            #####...     1%          2
e - Cause Fear            Hex            #####.....   6%          4
f - Iron Shot             Conj/Erth      #####.....   67%         6

Your spell library contained the following spells:

 Spells                   Type           Power        Failure   Level
 Shock                    Conj/Air       ####         1%          1
 Inner Flame              Hex/Fire       #####...     1%          3
 Static Discharge         Conj/Air       #####...     1%          3
 Bolt of Magma            Conj/Fire/Erth #####.....   17%         5
 Irradiate                Conj/Tmut      #####.....   17%         5
 Iskenderun's Battlesphe  Conj           #####...     17%         5
 Lightning Bolt           Conj/Air       #####.....   17%         5
 Hydra Form               Tmut           #####.....   67%         6
 Statue Form              Tmut/Erth      #####....    67%         6
 Dragon Form              Tmut           #####.....   99%         7
 Orb of Destruction       Conj           #####.....   99%         7
 Spellforged Servitor     Conj/Summ      #####.....   99%         7


Dungeon Overview and Level Annotations

Branches:
Dungeon (13/15)            Temple (1/1) D:6            Lair (0/6) D:11
    Orc (0/2) D:10        Ossuary (visited)
 Vaults: D:13-14

Altars:
Ashenzari
Cheibriados
Dithmenos
Elyvilon
Fedhas
Gozag
Hepliaklqana
Kikubaaqudgha
Makhleb
Nemelex Xobeh
Okawaru
Qazlal
Ru
Sif Muna
Trog
Uskayaw
Vehumet
Wu Jian
Xom
Yredelemnul
Zin
The Shining One

Shops:
D:6 }!=

Portals:
Trove: D:11 (give 7 scrolls of fear)

Annotations:
D:10 Fannar


Innate Abilities, Weirdness & Mutations

Your experience applies equally to all skills.
You have very sharp teeth.
Your uncanny sense of smell can sniff out nearby items.


Message History

Firing (i - inventory)
d - 60 bolts (quivered)
Press: ? - help, Shift-Dir - straight line, f/p - Fannar
Aim: Fannar, wielding a +0 quarterstaff of freezing, wearing a +2 robe of cold resistance and wearing an uncursed ring of ice (severely wounded, covered in an icy film)
You shoot a bolt.
The bolt hits Fannar but does no damage.
Fannar is severely wounded.
The ice beast hits you but does no damage.
Fannar hits you with a +0 quarterstaff of freezing.
Fannar freezes you.
Firing (i - inventory)
d - 59 bolts (quivered)
Press: ? - help, Shift-Dir - straight line, f/p - Fannar
Aim: Fannar, wielding a +0 quarterstaff of freezing, wearing a +2 robe of cold resistance and wearing an uncursed ring of ice (severely wounded, covered in an icy film)
You shoot a bolt.
The bolt hits Fannar but does no damage.
Fannar is severely wounded.
The ice beast misses you.
Fannar points at you and mumbles some strange words.
The bolt of cold hits you!!!
You feel a terrible chill!
You die...
Fedhas appreciates your contribution to the ecosystem.

###..# #.............. ..#
###########..............
.........................
.........................
.........................
................#########
......(.........#
................#########
.(((((.Y@................
.(.....e...>.............
########..###########....
################.)# #.###
...............[..###########.###
)................................
................)รท.<.............
........###########..############
...........########..#


You could see Fannar (icy armour) and an ice beast (summoned).

Vanquished Creatures
  Gastronok (D:8)
  4 two-headed ogres
  A centaur warrior (D:9)
  Pikel (D:7)
  2 manticores
  An ugly thing (D:11)
  Psyche (D:8)
  Maggie (D:6)
  A hornet (D:9)
  Prince Ribbit (D:8)
  3 hippogriffs
  Sigmund (D:2)
  12 yaks
  A human (D:10)
  A wraith (D:9)
  2 wyverns
  3 basilisks
  A vampire mosquito (D:9)
  Grum (D:8)
  A warg (D:10)
  Menkaure (D:7)
  An acid dragon (D:11)
  A water moccasin (D:7)
  An orc warrior (D:10)
  2 sky beasts
  10 ogres
  3 ice beasts
  A necrophage (D:10)
  4 phantoms
  3 wolves (D:8)
  6 centaurs
  A crocodile (D:11)
  3 lemures (D:7)
  A big kobold (D:10)
  3 bullfrogs
  A wyvern skeleton (D:12)
  2 water moccasin zombies (Ossuary)
  4 scorpions
  5 killer bees (D:9)
  6 wights (D:12)
  5 electric eels
  3 howler monkeys (D:12)
  A quasit (D:12)
  3 hounds
  5 orc wizards
  6 orc priests
  2 jellies
  2 bullfrog skeletons
  Terence (D:3)
  6 iguanas
  9 worker ants
  2 big kobold zombies (Ossuary)
  A hound zombie (D:11)
  A hound skeleton (D:7)
  2 mummies (Ossuary)
  8 gnolls
  A howler monkey skeleton (D:5)
  13 adders
  3 white imps
  An ooze (D:1)
  An adder skeleton (D:5)
  7 adder zombies
  3 worms
  2 dart slugs (D:1)
  10 leopard geckos
  45 orcs
  A ball python (D:3)
  4 giant cockroaches
  8 goblins
  7 hobgoblins
  11 jackals
  12 kobolds
  2 quokkas
  10 bats
  6 frilled lizards
  3 gnoll zombies (Ossuary)
  4 hobgoblin zombies (Ossuary)
  8 kobold zombies (Ossuary)
  5 orc zombies (Ossuary)
  A quokka skeleton (D:4)
  2 quokka zombies
  12 rats
  A rat zombie (D:4)
339 creatures vanquished.

Vanquished Creatures (others)
  8 plants
8 creatures vanquished.

Grand Total: 347 creatures vanquished

Notes
Turn   | Place    | Note
-------+----------+-------------------------------------------
     0 | D:1      | DogServant the Gnoll Hunter began the quest for the Orb.
     0 | D:1      | Reached XP level 1. HP: 20/20 MP: 1/1
   229 | D:1      | Reached XP level 2. HP: 26/26 MP: 2/2
   462 | D:1      | Reached XP level 3. HP: 30/31 MP: 3/3
   885 | D:1      | Reached skill level 1 in Invocations
   995 | D:2      | Reached skill level 1 in Short Blades
   995 | D:2      | Reached skill level 1 in Long Blades
   995 | D:2      | Reached skill level 1 in Axes
   995 | D:2      | Reached skill level 1 in Maces & Flails
   995 | D:2      | Reached skill level 1 in Polearms
   995 | D:2      | Reached skill level 1 in Staves
   995 | D:2      | Reached skill level 1 in Slings
   995 | D:2      | Reached skill level 1 in Bows
   995 | D:2      | Reached skill level 1 in Throwing
   995 | D:2      | Reached skill level 1 in Armour
   995 | D:2      | Reached skill level 1 in Shields
   995 | D:2      | Reached skill level 1 in Unarmed Combat
   995 | D:2      | Reached skill level 1 in Spellcasting
   995 | D:2      | Reached skill level 1 in Evocations
  1058 | D:2      | Found a faded altar of an unknown god.
  1060 | D:2      | Noticed Sigmund
  1067 | D:2      | Killed Sigmund
  1067 | D:2      | Reached skill level 1 in Conjurations
  1067 | D:2      | Reached skill level 1 in Hexes
  1067 | D:2      | Reached skill level 1 in Summonings
  1067 | D:2      | Reached skill level 1 in Necromancy
  1067 | D:2      | Reached skill level 1 in Translocations
  1067 | D:2      | Reached skill level 1 in Transmutations
  1067 | D:2      | Reached skill level 1 in Fire Magic
  1067 | D:2      | Reached skill level 1 in Ice Magic
  1067 | D:2      | Reached skill level 1 in Air Magic
  1067 | D:2      | Reached skill level 1 in Earth Magic
  1067 | D:2      | Reached skill level 1 in Poison Magic
  1067 | D:2      | Reached XP level 4. HP: 23/38 MP: 4/6
  1067 | D:2      | Reached XP level 5. HP: 26/43 MP: 4/7
  1067 | D:2      | Reached XP level 6. HP: 31/50 MP: 4/8
  1674 | D:3      | Found a sparkling altar of Nemelex Xobeh.
  1728 | D:3      | Noticed Terence
  1733 | D:3      | Killed Terence
  1929 | D:3      | Reached skill level 5 in Fighting
  1929 | D:3      | Reached skill level 5 in Dodging
  2264 | D:3      | Found a bloodstained altar of Trog.
  2763 | D:4      | Found a sand-covered staircase.
  2770 | Ossuary  | Entered an ossuary
  3092 | Ossuary  | Reached XP level 7. HP: 10/56 MP: 10/10
  3909 | D:4      | Reached skill level 9 in Crossbows
  3948 | D:4      | Found an ancient bone altar of Kikubaaqudgha.
  3952 | D:4      | Found a shimmering blue altar of Sif Muna.
  3968 | D:4      | Found a radiant altar of Vehumet.
  3982 | D:4      | Identified Sif Muna's Papyrus of Moulding
  4100 | D:4      | Reached XP level 8. HP: 63/63 MP: 12/12
  4325 | D:4      | Found an iron altar of Okawaru.
  4325 | D:4      | Found a sacrificial altar of Ru.
  4349 | D:5      | Entered Level 5 of the Dungeon
  4875 | D:5      | Found a snail-covered altar of Cheibriados.
  5244 | D:5      | Found a hazy altar of Hepliaklqana.
  5245 | D:5      | Found a shimmering altar of Xom.
  5246 | D:5      | Noticed a spectral ugly thing
  5407 | D:6      | Found Muz Vom's Gadget Boutique.
  5430 | D:6      | Found a staircase to the Ecumenical Temple.
  5443 | Temple   | Entered the Ecumenical Temple
  5665 | Temple   | Became a worshipper of Fedhas Madash
  5830 | D:6      | Found a transporter.
  5867 | D:6      | Found a transporter.
  5868 | D:6      | Found Nimmil's Jewellery Boutique.
  5877 | D:6      | Learned a level 1 spell: Sting
  5879 | D:6      | Bought an uncursed ring of protection from magic for 350
                  | gold pieces
  5993 | D:6      | Learned a level 2 spell: Swiftness
  5998 | D:6      | Learned a level 4 spell: Airstrike
  6004 | D:6      | Noticed Maggie
  6022 | D:6      | Killed Maggie
  6250 | D:6      | Found a hide-covered altar of Uskayaw.
  6387 | D:6      | Found Putiekk's Distillery.
  6517 | D:6      | Reached XP level 9. HP: 69/69 MP: 14/14
  6831 | D:7      | Identified the Reference Book on the Oath
  6836 | D:7      | Got a transparent leather armour
  6847 | D:7      | Identified the +3 leather armour of the Griffon {rC- Regen+
                  | Int+8 Slay+4} (You found it on level 7 of the Dungeon)
  6935 | D:7      | Reached * piety under Fedhas
  6969 | D:7      | Noticed Pikel
  7006 | D:7      | Killed Pikel
  7006 | D:7      | Reached skill level 5 in Stealth
  7241 | D:7      | Noticed Menkaure
  7245 | D:7      | Killed Menkaure
  7245 | D:7      | Reached skill level 5 in Invocations
  7513 | D:7      | Found a burning altar of Makhleb.
  7513 | D:7      | Found an opulent altar of Gozag.
  7613 | D:8      | Noticed Grum
  7618 | D:8      | Reached XP level 10. HP: 71/77 MP: 15/17
  7623 | D:8      | Killed Grum
  7741 | D:8      | Noticed Psyche
  7747 | D:8      | Learned a level 2 spell: Slow
  7752 | D:8      | Learned a level 4 spell: Cause Fear
  7768 | D:8      | Killed Psyche
  7768 | D:8      | Reached skill level 5 in Short Blades
  7768 | D:8      | Reached skill level 5 in Long Blades
  7768 | D:8      | Reached skill level 5 in Axes
  7768 | D:8      | Reached skill level 5 in Maces & Flails
  7768 | D:8      | Reached skill level 5 in Polearms
  7768 | D:8      | Reached skill level 5 in Staves
  7768 | D:8      | Reached skill level 5 in Slings
  7768 | D:8      | Reached skill level 5 in Bows
  7768 | D:8      | Reached skill level 5 in Throwing
  7768 | D:8      | Reached skill level 5 in Armour
  7768 | D:8      | Reached skill level 5 in Shields
  7768 | D:8      | Reached skill level 5 in Unarmed Combat
  7768 | D:8      | Reached skill level 5 in Spellcasting
  7768 | D:8      | Reached skill level 5 in Evocations
  7814 | D:8      | Found a burning altar of Makhleb.
  7864 | D:8      | Reached ** piety under Fedhas
  8035 | D:8      | Noticed Prince Ribbit
  8038 | D:8      | Killed Prince Ribbit
  8057 | D:8      | Noticed Gastronok
  8066 | D:8      | HP: 3/77 [Gastronok/the air (26)]
  8295 | D:8      | Killed Gastronok
  8295 | D:8      | Reached skill level 10 in Crossbows
  8704 | D:9      | Reached XP level 11. HP: 70/84 MP: 19/19
  8884 | D:9      | Found the +7 lajatang of Order {silver, rMut}
  8943 | D:9      | Noticed a centaur warrior
  8949 | D:9      | Killed a centaur warrior
  8949 | D:9      | Reached skill level 5 in Conjurations
  8949 | D:9      | Reached skill level 5 in Hexes
  8949 | D:9      | Reached skill level 5 in Summonings
  8949 | D:9      | Reached skill level 5 in Necromancy
  8949 | D:9      | Reached skill level 5 in Translocations
  8949 | D:9      | Reached skill level 5 in Transmutations
  8949 | D:9      | Reached skill level 5 in Fire Magic
  8949 | D:9      | Reached skill level 5 in Ice Magic
  8949 | D:9      | Reached skill level 5 in Air Magic
  8949 | D:9      | Reached skill level 5 in Earth Magic
  8949 | D:9      | Reached skill level 5 in Poison Magic
  8956 | D:9      | Noticed a tengu warrior
  9274 | D:9      | Reached *** piety under Fedhas
  9484 | D:10     | Entered Level 10 of the Dungeon
  9492 | D:10     | Noticed a two-headed ogre
  9497 | D:10     | Killed a two-headed ogre
  9811 | D:10     | Found a staircase to the Orcish Mines.
  9927 | D:10     | Reached **** piety under Fedhas
 10024 | D:10     | Noticed Fannar
 10186 | D:11     | Noticed a manticore
 10194 | D:11     | Killed a manticore
 10242 | D:11     | Found a broken altar of Ashenzari.
 10247 | D:11     | Saw a vision of the Shoals and the Spider Nest.
 10247 | D:11     | Noticed a sea snake
 10249 | D:11     | Noticed a sea snake
 10329 | D:11     | Noticed a green ugly thing
 10339 | D:11     | Killed a green ugly thing
 10472 | D:11     | Noticed a two-headed ogre
 10478 | D:11     | Killed a two-headed ogre
 10499 | D:11     | Found a portal to a secret trove of treasure.
 10776 | D:11     | Noticed a two-headed ogre
 10788 | D:11     | Killed a two-headed ogre
 10788 | D:11     | Reached XP level 12. HP: 55/94 MP: 22/22
 10916 | D:11     | Found a staircase to the Lair.
 11058 | D:12     | Got an iridescent hand axe
 11059 | D:12     | Identified the cursed +3 hand axe of Kijipnal {distort,
                  | rPois rF- Int+7 SInv} (You found it on level 12 of the
                  | Dungeon)
 11112 | D:12     | Found a basalt altar of Yredelemnul.
 11123 | D:12     | Learned a level 6 spell: Iron Shot
 11184 | D:12     | Reached skill level 11 in Crossbows
 11717 | D:13     | Noticed a two-headed ogre
 11852 | D:12     | Killed a two-headed ogre
 12241 | D:10     | Killed from afar by Fannar

Illustrated notes

Levels and vault maps discovered:
D:1:      erik_arrival_orb_chamber, layout_basic
D:2:      layout_basic, chequers_ecumenical_altar_simple, uniq_sigmund
D:3:      layout_loops_corners, nemelex_xobeh_ov_fountains_minmay,
          trog_butcher_becter, uniq_terence
D:4:      layout_cave_pools, grunt_temple_overflow_magic_moments, minitemple,
          enter_ossuary_4, hangedman_abyss_or_decor_stagger
D:5:      layout_cave_pools, regret_index_temple_of_mockery, cheibriados_altar_1
D:6:      gammafunk_steamed_eel, layout_basic, lemuel_doored_altar,
          minmay_temple_entry_gardened_gates, serial_shops,
          kennysheep_little_box, shop, shop, uniq_maggie
D:7:      layout_gridville, gammafunk_temple_overflow_wave, uniq_menkaure,
          uniq_pikel
D:8:      layout_basic, basic_altar, uniq_grum, uniq_psyche, uniq_gastronok,
          uniq_prince_ribbit1
D:9:      minmay_the_grid_triangle_9x9_rhombus_thin_mashed
          [minmay_the_grid_triangle_9x9_swiss_cheese,
          minmay_the_grid_triangle_9x9_prize_top_heavy,
          minmay_the_grid_triangle_9x9_corrupted_corridor,
          minmay_the_grid_triangle_9x9_steps], layout_cave_pools,
          disabler_island
D:10:     layout_long_grid, erik_orc_4, minmay_lizard_king, uniq_fannar
D:11:     layout_roguey, lair_entry_dummy, nicolae_trove_entry_crossroad,
          grunt_ashenzari_visionary [grunt_ashenzari_visionary_shoals,
          grunt_ashenzari_visionary_spider]
D:12:     layout_rooms, basic_altar, serial_glass, glass_columns_b,
          glass_columns_b
D:13:     layout_basic, serial_shops, shop, uniq_sonja
Temple:   minmay_temple_curvy_loop

Skill      XL: |  1  2  3  4  5  6  7  8  9 10 11 12 |
---------------+-------------------------------------+-----
Invocations    | 1 2 3 4 5 6 7 8 |  8.0
Short Blades   | 1 2 3 4 5 6 7 |  7.3
Long Blades    | 1 2 3 4 5 6 7 |  7.3
Axes           | 1 2 3 4 5 6 7 |  7.3
Maces & Flails | 1 2 3 4 5 6 7 |  7.3
Polearms       | 1 2 3 4 5 6 7 |  7.3
Staves         | 1 2 3 4 5 6 7 |  7.3
Slings         | 1 2 3 4 5 6 7 |  7.3
Bows           | 1 2 3 4 5 6 7 |  7.3
Throwing       | 1 2 3 4 5 6 7 |  7.3
Armour         | 1 2 3 4 5 6 7 |  7.3
Shields        | 1 2 3 4 5 6 7 |  7.3
Unarmed Combat | 1 2 3 4 5 6 7 |  7.3
Spellcasting   | 1 2 3 4 5 6 7 |  7.3
Evocations     | 1 2 3 4 5 6 7 |  7.3
Conjurations   | 1 2 3 4 5 6 |  6.1
Hexes          | 1 2 3 4 5 6 |  6.1
Summonings     | 1 2 3 4 5 6 |  6.1
Necromancy     | 1 2 3 4 5 6 |  6.1
Translocations | 1 2 3 4 5 6 |  6.1
Transmutations | 1 2 3 4 5 6 |  6.1
Fire Magic     | 1 2 3 4 5 6 |  6.1
Ice Magic      | 1 2 3 4 5 6 |  6.1
Air Magic      | 1 2 3 4 5 6 |  6.1
Earth Magic    | 1 2 3 4 5 6 |  6.1
Poison Magic   | 1 2 3 4 5 6 |  6.1
Stealth        | 3 4 5 6 7 |  7.7
Fighting       | 5 6 7 8 |  8.7
Dodging        | 5 6 7 8 |  8.7
Crossbows      | 9 10 11 | 11.1

Action                   |  1- 3 |  4- 6 |  7- 9 | 10-12 || total
-------------------------+-------+-------+-------+-------++-------
Melee: Short sword       |    73 |    96 |    94 |       ||   263
       Bite              |     8 |    14 |    16 |     7 ||    45
       Punch             |       |     1 |     1 |     1 ||     3
       Whip              |       |       |       |    14 ||    14
       Hand axe          |       |       |       |    36 ||    36
 Fire: Hand crossbow     |    16 |    78 |   274 |   441 ||   809
 Cast: Slow              |       |       |       |     4 ||     4
       Swiftness         |       |       |       |     2 ||     2
       Airstrike         |       |       |       |     2 ||     2
Invok: Wall of Briars    |       |       |       |     4 ||     4
  Use: Scroll            |       |     2 |    18 |     7 ||    27
       Potion            |       |       |       |     6 ||     6
 Stab: Sleeping          |     1 |     1 |     1 |     2 ||     5
Armor: Leather armour    |    15 |    22 |    25 |    38 ||   100
Dodge: Dodged            |    61 |    95 |   136 |   185 ||   477

Table legend: (Time is in decaauts)
 A = Elapsed time spent in this place.
 B = Non-inter-level travel time spent in this place.
 C = Inter-level travel time spent in this place.
 D = Time resting spent in this place.
 E = Time spent auto-exploring this place.
 F = Levels seen in this place.
 G = Mean time per level.
                   A        B        C        D        E       F      G
               +--------+--------+--------+--------+--------+-----+--------+
         Total |  12283 |  11715 |    568 |   1748 |   7673 |  15 |  818.9 |
       Dungeon |  11077 |  10570 |    507 |   1241 |   7257 |  13 |  852.1 |
        Temple |    264 |    203 |     61 |      0 |    191 |   1 |  264.0 |
       Ossuary |    942 |    942 |      0 |    507 |    225 |   1 |  942.0 |
               +--------+--------+--------+--------+--------+-----+--------+

Top non-repeatable levels by time:
    D:12: 1189 daAuts
     D:7: 1151 daAuts
     D:3: 1063 daAuts
     D:6: 1031 daAuts
     D:1: 949 daAuts
 Ossuary: 942 daAuts
     D:5: 931 daAuts
     D:9: 880 daAuts
    D:11: 865 daAuts
     D:8: 795 daAuts
     D:4: 790 daAuts
     D:2: 729 daAuts
    D:10: 678 daAuts
  Temple: 264 daAuts
    D:13: 20 daAuts
